 Dungeon Crawl Stone Soup version 0.28-a0-119-ga52ba8600a (webtiles) character file.

Game seed: 6115428164493804158

35 dduke234 the Skirmisher (level 3, 0/29 HPs)
             Began as a Human Fighter on Aug 13, 2021.
             Succumbed to an adder's poison
             ... on level 2 of the Dungeon.
             The game lasted 00:02:20 (1193 turns).

dduke234 the Skirmisher (Human Fighter)             Turns: 1193, Time: 00:02:21

Health: 0/29       AC:  6    Str: 17    XL:     3   Next: 52%
Magic:  3/3        EV:  7    Int:  8    God:
Gold:   88         SH:  9    Dex: 12    Spells: 2/2 levels left

rFire   . . .      SeeInvis .   a - +0 long sword
rCold   . . .      Faith    .   c - +0 kite shield
rNeg    . . .      Spirit   .   b - +0 scale mail
rPois   .          Reflect  .   (no helmet)
rElec   .          Harm     .   (no cloak)
rCorr   .          Rampage  .   (no gloves)
Will    .....                   (no boots)
Stlth   ..........              (no amulet)
HPRegen 0.09/turn               (no ring)
MPRegen 0.08/turn               (no ring)

@: lethally poisoned (0 -> -1)
A: no striking features
a: no special abilities


You were on level 2 of the Dungeon.
You visited 1 branch of the dungeon, and saw 2 of its levels.

You collected 88 gold pieces.

Inventory:

Hand Weapons
 a - a +0 long sword (weapon)
Armour
 b - a +0 scale mail (worn)
 c - a +0 kite shield (worn)
Scrolls
 d - a scroll of noise
 f - a scroll of enchant weapon


   Skills:
 * Level 3.3 Fighting
 * Level 2.5 Long Blades
 + Level 3.1 Armour
 + Level 0.5 Dodging
 * Level 1.0 Stealth
 + Level 3.2 Shields


You had 2 spell levels left.
You didn't know any spells.
Your spell library contained the following spells:

 Spells                   Type           Power      Damage    Failure   Level
 Sandblast                Erth           0%         2d4       100%        1
 Passwall                 Tmut/Erth      0%         N/A       100%        2
 Lee's Rapid Deconstruct  Erth           0%         3d5*      100%        5


Dungeon Overview and Level Annotations

Branches:
Dungeon (2/15)

Altars:


Message History

You closely miss the quokka.
The quokka is almost dead.
The quokka bites you but does no damage.
The adder closely misses you.
You riposte.
You hit the adder.
The adder is lightly wounded.
The rat bites you but does no damage.
The quokka bites you but does no damage.
The adder bites you.
You are poisoned.
The adder poisons you! You block the rat's attack.
You slash the adder!
The adder is almost dead.
You feel very sick. The quokka closely misses you.
The adder bites you but does no damage. The quokka bites you.
You block the rat's attack. The adder bites you but does no damage.
You barely miss the adder.
The adder is almost dead.
You feel sick. The quokka bites you. The adder bites you but does no damage.
The rat bites you but does no damage. You block the quokka's attack.
The adder bites you.
* * * LOW HITPOINT WARNING * * *
The rat bites you.
* * * LOW HITPOINT WARNING * * *
You hit the adder.
You kill the adder!
You feel sick.
The quokka bites you but does no damage.
The rat completely misses you. The quokka bites you.
* * * LOW HITPOINT WARNING * * *
Your Stealth skill increases to level 1!
You aren't carrying any potions.
Okay, then.
You hit the quokka.
You kill the quokka!
* * * LOW HITPOINT WARNING * * *
You feel sick.
The rat bites you but does no damage. x2
Really read the scroll of noise?
Okay, then.
You die...

#.##..#.#
.#.....#.#
.......#.#
.......#.#
.........#
.........######
..............#
......†.#####.#
......r@# #.#
.......## #.#
#.##... #.####
. #... #....#
#... ####.#
#... ##.# #...
##..# ####
#...# ##.##


You could see a rat.

Vanquished Creatures
  An adder (D:2)
  3 endoplasms (D:1)
  2 giant cockroaches (D:1)
  4 goblins (D:1)
  2 hobgoblins (D:1)
  3 kobolds (D:1)
  A quokka (D:2)
  3 ball pythons (D:1)
  2 bats
21 creatures vanquished.

Notes
Turn   | Place    | Note
-------+----------+-------------------------------------------
     0 | D:1      | dduke234 the Human Fighter began the quest for the Orb.
     0 | D:1      | Reached XP level 1. HP: 18/18 MP: 1/1
    88 | D:1      | Reached XP level 2. HP: 11/24 MP: 2/2
   371 | D:1      | HP: 1/36 [ball python (1)]
   438 | D:1      | Reached XP level 3. HP: 7/29 MP: 3/3
  1192 | D:2      | Reached skill level 1 in Stealth
  1192 | D:2      | HP: 1/29 [poisoned by an adder]
  1193 | D:2      | Succumbed to an adder's poison

Illustrated notes

Levels and vault maps discovered:
D:1:      dpeg_arrival_rooms_a, layout_rooms, minmay_three_crescents
D:2:      layout_loops_cross, ebering_ecumenical_altar_abandoned

Skill      XL: |  1  2  3 |
---------------+----------+-----
Stealth        | 1 |  1.0
Fighting       | |  3.3
Long Blades    | |  2.5
Armour         | |  3.1
Dodging        | |  0.5
Shields        | |  3.2

Action                   || total
-------------------------++-------
Melee: Long sword        ||    53
  Use: Potion            ||     2
       Scroll            ||     2
Armor: Scale mail        ||    56
       Skin              ||    24
Dodge: Dodged            ||    20
Block: Kite shield       ||    60
       Rpst.: Long sword ||     6

Table legend: (Time is in decaauts)
 A = Elapsed time spent in this place.
 B = Non-inter-level travel time spent in this place.
 C = Inter-level travel time spent in this place.
 D = Time resting spent in this place.
 E = Time spent auto-exploring this place.
 F = Levels seen in this place.
 G = Mean time per level.
                   A        B        C        D        E       F      G
               +--------+--------+--------+--------+--------+-----+--------+
         Total |   1221 |   1205 |     16 |      0 |   1039 |   2 |  610.5 |
       Dungeon |   1221 |   1205 |     16 |      0 |   1039 |   2 |  610.5 |
               +--------+--------+--------+--------+--------+-----+--------+

Top non-repeatable levels by time:
     D:1: 1175 daAuts
     D:2: 45 daAuts
